 Dungeon Crawl Stone Soup version 0.20-a0-1109-ge3cd172 (webtiles) character file.

12462 Monsterracer the Severer (level 11, -4/108 HPs)
             Began as a Hill Orc Fighter on May 5, 2017.
             Was an Elder of Qazlal.
             Shot themself with a blast of rubble (16 damage)
             ... on level 10 of the Dungeon.
             The game lasted 00:31:24 (12065 turns).

Monsterracer the Severer (Hill Orc Fighter)        Turns: 12065, Time: 00:31:26

Health: -4/108     AC: 25    Str: 20    XL:     11   Next: 93%
Magic:  18/18      EV:  2    Int: 12    God:    Qazlal [****..]
Gold:   688        SH: 14    Dex: 13    Spells: 10/10 levels left

rFire    + + .     SeeInvis .   a - +1 war axe
rCold    + + .     Gourm    .   c - +0 shield
rNeg     . . .     Faith    .   n - +0 gold dragon scales
rPois    +         Spirit   .   e - +0 helmet
rElec    .         Reflect  .   (no cloak)
rCorr    .         Harm     .   o - +2 pair of gloves
MR       .....                  x - +0 pair of boots (curse)
Stlth    ..........             (no amulet)
Regen    0.3/turn               v - +4 ring of intelligence
MPRegen  0.2/turn               (no ring)

@: repel missiles
A: claws 1, icy blue scales 1, cold resistance 1, fire resistance 1, robust 1
a: Upheaval, Elemental Force, Renounce Religion


You were on level 10 of the Dungeon.
You worshipped Qazlal.
Qazlal was greatly pleased with you.
You were not hungry.

You visited 2 branches of the dungeon, and saw 12 of its levels.

You collected 688 gold pieces.

Inventory:

Hand Weapons
 a - a +1 war axe (weapon)
Armour
 c - a +0 shield (worn)
 e - a +0 helmet (worn)
 n - +0 gold dragon scales (worn)
 o - a +2 pair of gloves (worn)
 x - a cursed +0 pair of boots (worn)
Jewellery
 v - a +4 ring of intelligence (left hand)
Scrolls
 g - 12 scrolls of remove curse
 h - 6 scrolls of identify
 i - a scroll of fear
 j - 3 scrolls of immolation
 k - 4 scrolls of teleportation
 q - a scroll of amnesia
Potions
 b - 5 potions of curing
 d - a potion of resistance
 m - 2 potions of agility
 r - a potion of haste
 w - a potion of magic
Comestibles
 f - 14 bread rations
 p - 11 fruits
 t - 3 royal jellies
 u - 3 meat rations


   Skills:
 + Level 9.9 Fighting
 * Level 15.3 Axes
 + Level 9.0 Armour
 + Level 4.4 Dodging
 - Level 3.2 Shields
 + Level 9.5 Invocations


You had 10 spell levels left.
You didn't know any spells.

Dungeon Overview and Level Annotations

Branches:
Dungeon (11/15)            Temple (1/1) D:4             Orc (0/2) D:9
   Lair: D:8-11

Altars:
Ashenzari
Cheibriados
Dithmenos
Elyvilon
Fedhas
Gozag
Hepliaklqana
Kikubaaqudgha
Makhleb
Nemelex Xobeh
Okawaru
Qazlal
Ru
Sif Muna
Trog
Uskayaw
Vehumet
Wu Jian
Xom
Yredelemnul
Zin
The Shining One

Shops:
D:8 [   D:9 }   D:10 *


Innate Abilities, Weirdness & Mutations

You have sharp fingernails.
You are partially covered in icy blue scales. (AC +2)
Your flesh is cold resistant. (rC+)
Your flesh is heat resistant. (rF+)
You are robust. (+10% HP)


Message History

You feel better. You block the ice dragon's attack. The ice dragon claws you.
* * * LOW HITPOINT WARNING * * *
The ice dragon tramples you.
* * * LOW HITPOINT WARNING * * *
You hold your ground!
Unknown command.
You feel better.
The ice dragon bites you but does no damage.
You block the ice dragon's attack.
The ice dragon tramples you but does no damage.
You can't see any clouds you can empower.
Aiming: Upheaval
Press: ? - help, Dir - move target cursor, f - ice dragon
Aim: an ice dragon (heavily wounded) That beam is likely to hit you.
Continue anyway?
The ground shakes violently, spewing rubble!
The blast of rubble hits the ice dragon.
The ice dragon is almost dead.
The blast of rubble hits you!
You die...

#####.###.### #.#
#.# #)# #.# #.###.#
#.# #####.#...# #.#
..........#
########.#
#####.#.###
#........# ## #.#.#
#.########
.####.#.#########D#
...............)@)#
........###########
........# ......<.#
........# ........#
........# #########


You could see an ice dragon.

Vanquished Creatures
  A fire dragon (D:11)
  3 two-headed ogres (D:9)
  The ghost of Voxish the Grappler, a novice DrTm of Makhleb (D:8)
  Pikel (D:6)
  A cyclops (D:11)
  3 trolls
  A spriggan (D:8)
  3 yaks (D:9)
  A wyvern (D:9)
  Eustachio (D:5)
  2 hungry ghosts
  Menkaure (D:5)
  A warg (D:11)
  Edmund (D:6)
  A soldier ant (D:11)
  5 orc warriors
  Duvessa (D:7)
  2 slaves (D:6)
  A black bear (D:8)
  An eye of draining (D:10)
  2 sky beasts (D:8)
  2 necrophages
  A wolf (D:9)
  9 ogres
  9 centaurs
  A crocodile (D:10)
  4 bullfrogs
  5 gnoll sergeants (D:9)
  5 big kobolds (D:9)
  Dowan (D:7)
  7 scorpions
  3 killer bees (D:8)
  8 wights
  5 howler monkeys
  A bullfrog zombie (D:10)
  4 crimson imps
  A centaur skeleton (D:10)
  A quasit (D:7)
  7 hounds
  A jelly (D:6)
  7 orc wizards
  6 orc priests
  4 iguanas
  Ijyb (D:4)
  8 worker ants
  A killer bee zombie (D:5)
  A hound zombie (D:5)
  9 gnolls
  A howler monkey skeleton (D:11)
  17 adders
  2 shadow imps
  3 white imps (D:9)
  An ufetubus (D:9)
  6 oozes
  An adder skeleton (D:9)
  2 worms
  4 dart slugs
  4 leopard geckos
  22 orcs
  6 bats
  5 giant cockroaches
  4 goblins
  14 hobgoblins
  6 jackals
  13 kobolds
  5 quokkas
  2 ball pythons
  11 frilled lizards
  2 giant cockroach zombies (D:5)
  A quokka skeleton (D:5)
  5 rats
283 creatures vanquished.

Vanquished Creatures (others)
  2 slaves (D:6)
  A phantom (D:6)
3 creatures vanquished.

Grand Total: 286 creatures vanquished

Notes
Turn   | Place    | Note
-------+----------+-------------------------------------------
     0 | D:1      | Monsterracer the Hill Orc Fighter began the quest for the Orb.
     0 | D:1      | Reached XP level 1. HP: 19/19 MP: 1/1
    41 | D:1      | Reached skill level 3 in Axes
   259 | D:1      | Reached XP level 2. HP: 26/26 MP: 2/2
   362 | D:1      | Reached skill level 4 in Axes
   511 | D:1      | Reached XP level 3. HP: 31/31 MP: 3/3
   920 | D:2      | Reached skill level 5 in Axes
  1220 | D:2      | Reached XP level 4. HP: 39/39 MP: 4/4
  1338 | D:2      | Found a sacrificial altar of Ru.
  1533 | D:2      | Found a shadowy altar of Dithmenos.
  1534 | D:2      | Found a shimmering altar of Xom.
  1569 | D:2      | Reached skill level 6 in Axes
  2160 | D:3      | Noticed an ogre
  2395 | D:2      | Gained mutation: You are robust. (+10% HP) [potion of mutation]
  2395 | D:2      | Gained mutation: Your flesh is heat resistant. (rF+) [potion of mutation]
  2395 | D:2      | Gained mutation: You evolve. [potion of mutation]
  2400 | D:3      | Reached XP level 5. HP: 20/49 MP: 5/5
  2403 | D:3      | Killed an ogre
  2403 | D:3      | Reached skill level 7 in Axes
  2647 | D:3      | Reached XP level 6. HP: 50/57 MP: 6/6
  2649 | D:3      | Reached skill level 8 in Axes
  2760 | D:3      | Found a faded altar of an unknown god.
  3205 | D:4      | Gained mutation: Your flesh is cold resistant. (rC+) [evolution]
  3480 | D:4      | Reached skill level 1 in Dodging
  3480 | D:4      | Reached XP level 7. HP: 64/64 MP: 7/7
  3957 | D:4      | Found a staircase to the Ecumenical Temple.
  4014 | Temple   | Entered the Ecumenical Temple
  4067 | Temple   | Became a worshipper of Qazlal Stormbringer
  4193 | D:4      | Noticed Ijyb
  4243 | D:4      | Killed Ijyb
  4243 | D:4      | Reached skill level 9 in Axes
  4293 | D:4      | Gained mutation: You have sharp fingernails. [evolution]
  4413 | D:5      | Entered Level 5 of the Dungeon
  4418 | D:5      | Reached skill level 1 in Invocations
  4425 | D:5      | Noticed Menkaure
  4428 | D:5      | Killed Menkaure
  4428 | D:5      | Reached skill level 5 in Fighting
  4597 | D:5      | Reached XP level 8. HP: 74/74 MP: 9/9
  4789 | D:5      | Found a sparkling altar of Nemelex Xobeh.
  4997 | D:5      | Reached skill level 5 in Armour
  5001 | D:5      | Reached skill level 10 in Axes
  5224 | D:5      | Reached * piety under Qazlal
  5368 | D:5      | Noticed Eustachio
  5389 | D:5      | Killed Eustachio
  5771 | D:5      | Reached XP level 9. HP: 59/81 MP: 11/11
  6393 | D:6      | Noticed Pikel
  6417 | D:6      | Killed Pikel
  6417 | D:6      | Reached skill level 11 in Axes
  6614 | D:6      | Noticed Edmund
  6628 | D:6      | Killed Edmund
  6920 | D:6      | Reached skill level 5 in Invocations
  7112 | D:6      | Noticed a troll
  7128 | D:6      | Killed a troll
  7128 | D:6      | Reached skill level 12 in Axes
  7742 | D:7      | Found a white marble altar of Elyvilon.
  7878 | D:7      | Reached XP level 10. HP: 92/93 MP: 14/14
  7885 | D:7      | Noticed Dowan
  7903 | D:7      | Killed Dowan
  7904 | D:7      | Noticed Duvessa
  7913 | D:7      | Killed Duvessa
  8300 | D:8      | Reached ** piety under Qazlal
  8408 | D:8      | Noticed Voxish's ghost (novice DrTm)
  8435 | D:8      | Killed Voxish's ghost
  8567 | D:8      | Reached skill level 13 in Axes
  8672 | D:8      | Found Kieck's Armour Shoppe.
  9164 | D:9      | Noticed a two-headed ogre
  9176 | D:9      | Killed a two-headed ogre
  9346 | D:9      | Gained mutation: You are partially covered in icy blue scales. (AC +2) [evolution]
  9377 | D:9      | Noticed a two-headed ogre
  9391 | D:9      | Killed a two-headed ogre
  9573 | D:9      | Found a shattered altar of Ashenzari.
  9646 | D:9      | Reached XP level 11. HP: 102/103 MP: 16/16
  9672 | D:9      | Reached skill level 14 in Axes
  9686 | D:9      | Noticed a two-headed ogre
  9696 | D:9      | Killed a two-headed ogre
  9947 | D:9      | Lost mutation: You evolve. [evolution]
 10000 | D:9      | Reached *** piety under Qazlal
 10674 | D:9      | Found Zaapp's Gadget Shop.
 10834 | D:9      | Found a staircase to the Orcish Mines.
 11043 | D:10     | Entered Level 10 of the Dungeon
 11151 | D:10     | Found Elasogu's Elemental Accessories.
 11171 | D:10     | Reached **** piety under Qazlal
 11202 | D:10     | Got a faintly glowing trident
 11237 | D:10     | Identified the cursed +0 trident "Aubergine" {vamp, +Blink Str-4 Dex+4} (You found it on level 10 of the Dungeon)
 11775 | D:11     | Reached skill level 15 in Axes
 11784 | D:11     | Noticed a fire dragon
 11794 | D:11     | Noticed a cyclops
 11797 | D:11     | Killed a fire dragon
 12028 | D:11     | Killed a cyclops
 12044 | D:11     | Noticed an ice dragon
 12050 | D:11     | Noticed a cyclops
 12062 | D:10     | HP: 1/107 [ice dragon (7)]
 12065 | D:10     | Shot themself with a blast of rubble

Vault maps used:
D:1:      dpeg_arrival_erosion, minmay_domino_4
D:2:      gammafunk_temple_overflow_forgotten, first_bread
D:3:      cheibrodos_old_hovel, chequers_ecumenical_altar_simple_redux,
          kennysheep_small_spiral, columned_hall_lemuel
D:4:      temple_hall, uniq_ijyb
D:5:      nemelex_xobeh_ov_fountains_minmay, uniq_menkaure, uniq_eustachio
D:6:      hangedman_decor_opposing, uniq_edmund, uniq_pikel
D:7:      elyvilon_altar_1, uniq_duvessa
D:8:      serial_shops, nicolae_shop_waterfront, the_bakery
D:9:      nicolae_overflow_crystal_walls,
          kennysheep_orc_monster_closet_entryway, serial_shops,
          nicolae_shop_behind_doors, serial_ice, serial_ice_d, serial_ice_n,
          serial_ice_a, serial_ice_k, minmay_misc_feat_x
D:10:     nicolae_elemental_shop
D:11:     erik_lair_orcish_takeover, minmay_the_grid_triangle_9x9_line_8_mashed,
          uniq_snorg
Temple:   nicolae_temple_x_marks_the_god

Skill      XL: |  1  2  3  4  5  6  7  8  9 10 11 |
---------------+----------------------------------+-----
Axes           | 3 4 5 6 7 8 9 10 12 13 15 | 15.3
Fighting       | 4 5 6 7 8 9 |  9.9
Dodging        | 1 2 3 4 |  4.4
Armour         | 4 5 6 7 9 |  9.0
Invocations    | 1 3 5 7 9 |  9.5
Shields        | |  3.2

Action                   |  1- 3 |  4- 6 |  7- 9 | 10-12 || total
-------------------------+-------+-------+-------+-------++-------
Melee: War axe           |   128 |   185 |   419 |   546 ||  1278
  Use: Potion            |     1 |     7 |     7 |     5 ||    20
       Scroll            |       |     9 |     2 |     3 ||    14
  Eat: Chunk             |     1 |     8 |    14 |    18 ||    41
Armor: Scale mail        |    54 |    60 |       |       ||   114
       Skin              |       |     6 |       |       ||     6
       Leather armour    |       |       |   109 |       ||   109
       Gold dragon scale |       |       |    37 |   304 ||   341
Dodge: Dodged            |    28 |    55 |   122 |    27 ||   232
       Deflected         |       |       |       |     1 ||     1
Block: Shield            |    65 |    97 |   200 |   333 ||   695
